 Dungeon Crawl Stone Soup version 0.29-a0-721-g7f417c9bbb (webtiles) character file.

Game seed: 4386218459070024847

435 crusatyr the Charlatan (level 6, -8/48 HPs)
             Began as a Demonspawn Artificer on June 28, 2022.
             Was an Initiate of Nemelex Xobeh.
             Mangled by an ogre
             ... wielding a +0 giant club
              (14 damage)
             ... on level 4 of the Dungeon.
             The game lasted 00:06:39 (5455 turns).

crusatyr the Charlatan (Demonspawn Artificer)       Turns: 5455, Time: 00:06:40

Health: -8/48      AC:  5    Str: 14    XL:     6   Next: 68%
Magic:  0/6        EV: 10    Int: 12    God:    Nemelex Xobeh [......]
Gold:   215        SH:  0    Dex: 14    Spells: 5/5 levels left

rFire   . . .      SeeInvis .   q - +0 double sword
rCold   . . .      Faith    .   (no shield)
rNeg    . . .      Spirit   +   a - +0 ring mail
rPois   .          Reflect  .   (no helmet)
rElec   .          Harm     .   (no cloak)
rCorr   .          Rampage  .   (no gloves)
Will    +....                   (no boots)
Stlth   +.........              (no amulet)
HPRegen 0.16/turn               w - ring of willpower
MPRegen 0.20/turn               (no ring)

@: no status effects
A: magic shield, magic regeneration
a: Renounce Religion, Draw Escape, Draw Destruction, Draw Summoning


You were on level 4 of the Dungeon.
You worshipped Nemelex Xobeh.
Nemelex Xobeh was noncommittal.
You visited 2 branches of the dungeon, and saw 6 of its levels.

You collected 215 gold pieces.

Inventory:

Hand Weapons
 i - a +0 mace
 j - a +0 dagger of venom
 q - a +0 double sword (weapon)
Armour
 a - a +0 ring mail (worn)
Jewellery
 w - a ring of willpower (left hand)
Wands
 d - a wand of charming (14)
 e - a wand of iceblast (6)
Scrolls
 b - 2 scrolls of poison {unknown}
 f - 2 scrolls of amnesia {unknown}
 g - 2 scrolls of identify {unknown}
 k - 4 scrolls of immolation {unknown}
 l - a scroll of teleportation {unknown}
 n - 2 scrolls of fear {unknown}
 p - a scroll of brand weapon {unknown}
 s - 3 scrolls of enchant weapon {unknown}
 u - a scroll of vulnerability {unknown}
 x - a scroll of fog {unknown}
Potions
 c - 2 potions of resistance {unknown}
 h - 2 potions of brilliance {unknown}
 m - a potion of flight {unknown}
 o - a potion of attraction {unknown}
 r - a potion of invisibility {unknown}
 t - 4 potions of mutation {unknown}
 v - 2 potions of berserk rage {unknown}
 z - a potion of curing {unknown}
 A - a potion of cancellation {unknown}


   Skills:
 + Level 3.7 Fighting
 - Level 1.0(2.3) Short Blades
 * Level 3.4(3.5) Long Blades
 - Level 0.9 Maces & Flails
 - Level 1.7 Armour
 - Level 0.8 Dodging
 - Level 0.8 Stealth
 + Level 4.7 Evocations


You had 5 spell levels left.
You didn't know any spells.
Your spell library contained the following spells:

 Spells                   Type           Power      Damage    Failure   Level
 Sublimation of Blood     Necr           0%         N/A       69%         2
 Wereblood                Tmut           0%         N/A       69%         2
 Confusing Touch          Hex            0%         N/A       89%         3
 Dazzling Flash           Conj/Hex       0%         N/A       89%         3
 Animate Armour           Summ/Erth      0%         N/A       100%        4
 Agony                    Necr           0%         N/A       100%        5
 Silence                  Hex/Air        0%         N/A       100%        5
 Yara's Violent Unravell  Hex/Tmut       0%         3d3       100%        5
 Enfeeble                 Hex            0%         N/A       100%        7
 Summon Hydra             Summ           0%         N/A       100%        7


Dungeon Overview and Level Annotations

Branches:
Dungeon (5/15)             Temple (1/1) D:4

Altars:
Cheibriados
Dithmenos
Elyvilon
Fedhas
Gozag
Hepliaklqana
Makhleb
Nemelex Xobeh
Okawaru
Qazlal
Ru
Sif Muna
Trog
Wu Jian
Xom
Yredelemnul
The Shining One

Annotations:
D:3 exclusion: downstairs
D:5 Pikel


Innate Abilities, Weirdness & Mutations

When hurt, damage is shared between your health and your magic reserves.
You regenerate magic rapidly.


Message History

Found 12 gold pieces.
The ogre shouts!
Things that are here:
a +0 club; a +0 leather armour; an orc corpse The lemure attacks as you move away!
The lemure hits you!
There is a stone staircase leading up here.
You hit the lemure.
The lemure is lightly wounded.
The lemure hits you. x2
You barely miss the lemure.
The lemure is lightly wounded.
The lemure barely misses you.
You slash the lemure!
The lemure is severely wounded.
Pikel, Merchant of Souls comes into view.
He is wielding a +0 whip of flaming.
The lemure barely misses you.
A lemure comes into view.
The lemure shouts!
You hit the lemure but do no damage.
The lemure is severely wounded.
The lemure barely misses you.
A lemure comes into view.
The lemure hits you. The ogre barely misses you.
The lemure shouts!
The lemure hits you.
You climb upwards.
There is a stone staircase leading down here.
You are too injured to fight recklessly!
You are too injured to fight recklessly!
You slash the lemure!
You kill the lemure!
That felt strangely unrewarding.
The ogre hits you with a +0 giant club!!
* * * LOW HITPOINT WARNING * * *
You hit the ogre but do no damage. The ogre closely misses you.
You slash the ogre!
The ogre is heavily wounded.
The ogre hits you with a +0 giant club!
You die...
Your body disappears without a glow.

############# #...........# ###
#.#########.## #.. #............#
######.. ###############O.#
#>...... ................@#
#....... ########.........#
#####....... # #..........#
#..........# #######.....#....#
#........... .................#
#...........
########..#.#....#####...........
#...............#..........>
#.#.##....##################
#.#.##....#### #####


You could see an ogre.

Vanquished Creatures
  An ogre (D:4)
  A lemure (D:4)
  A scorpion (D:4)
  3 hounds
  2 jellies (D:4)
  A gnoll shaman (D:4)
  An orc wizard (D:4)
  2 gnolls (D:4)
  4 adders
  A dart slug (D:1)
  6 orcs
  7 ball pythons
  12 endoplasms
  9 giant cockroaches
  6 goblins
  6 hobgoblins
  3 jackals (D:4)
  2 kobolds
  4 quokkas
  7 bats
  4 frilled lizards (D:2)
  A rat (D:1)
84 creatures vanquished.

Vanquished Creatures (collateral kills)
  A gnoll (D:4)
1 creature vanquished.

Grand Total: 85 creatures vanquished

Notes
Turn   | Place    | Note
-------+----------+-------------------------------------------
     0 | D:1      | crusatyr the Demonspawn Artificer began the quest for the
                  | Orb.
     0 | D:1      | Reached XP level 1. HP: 15/15 MP: 1/1
   277 | D:1      | Gained mutation: You regenerate magic rapidly. [demonic
                  | ancestry]
   277 | D:1      | Reached XP level 2. HP: 21/21 MP: 2/2
  1380 | D:2      | Reached XP level 3. HP: 17/27 MP: 3/3
  1985 | D:2      | Reached XP level 4. HP: 24/34 MP: 4/4
  1986 | D:2      | Reached skill level 1 in Short Blades
  2522 | D:3      | Found a faded altar of an unknown god.
  2923 | D:4      | Noticed an ogre
  2973 | D:4      | Found a staircase to the Ecumenical Temple.
  2986 | Temple   | Entered the Ecumenical Temple
  3321 | Temple   | Became a worshipper of Nemelex Xobeh the Trickster
  3403 | D:4      | Reached skill level 1 in Long Blades
  3403 | D:4      | Reached skill level 4 in Evocations
  3598 | D:4      | Gained mutation: When hurt, damage is shared between your
                  | health and your magic reserves. [demonic ancestry]
  3598 | D:4      | Reached XP level 5. HP: 32/40 MP: 5/5
  4164 | D:4      | Reached XP level 6. HP: 19/47 MP: 3/6
  4375 | D:4      | Got the Papyrus of Curses and Stones
  5433 | D:5      | Entered Level 5 of the Dungeon
  5449 | D:5      | Noticed Pikel
  5455 | D:4      | Mangled by an ogre

Illustrated notes

Levels and vault maps discovered:
D:1:      psy_arrival_basics, layout_loops_corners, bh_walls_and_bars
D:2:      layout_rooms, serial_glass, glass_columns_a, glass_columns_a,
          solitary_fountain, minmay_worlds_worst_comb
D:3:      layout_basic, ebering_ecumenical_altar_sacrificial
D:4:      layout_basic, nicolae_tso_carved_into_rock,
          minmay_temple_entry_crystal_x, kennysheep_diamond,
          hangedman_decor_growths, minmay_pentomino_pile
D:5:      layout_layer_cave, uniq_pikel
Temple:   minmay_temple_bridge_d

Skill      XL: |  1  2  3  4  5  6 |
---------------+-------------------+-----
Fighting       | 2 3 |  3.7
Short Blades   | 1 |  1.0
Long Blades    | 1 2 3 |  3.4
Evocations     | 4 |  4.7
Maces & Flails | |  0.9
Armour         | |  1.7
Dodging        | |  0.8
Stealth        | |  0.8

Action                   |  1- 3 |  4- 6 || total
-------------------------+-------+-------++-------
Melee: Short sword       |    26 |       ||    26
       Mace              |    29 |       ||    29
       Dagger            |    65 |     5 ||    70
       Punch             |     1 |     5 ||     6
       Double sword      |       |   105 ||   105
Evoke: Wand              |    11 |     8 ||    19
Armor: Leather armour    |     8 |       ||     8
       Ring mail         |    41 |    37 ||    78
Dodge: Dodged            |    76 |    70 ||   146

Table legend: (Time is in decaauts)
 A = Elapsed time spent in this place.
 B = Non-inter-level travel time spent in this place.
 C = Inter-level travel time spent in this place.
 D = Time resting spent in this place.
 E = Time spent auto-exploring this place.
 F = Levels seen in this place.
 G = Mean time per level.
                   A        B        C        D        E       F      G
               +--------+--------+--------+--------+--------+-----+--------+
         Total |   5509 |   5133 |    376 |    826 |   3598 |   6 |  918.2 |
       Dungeon |   5103 |   4866 |    237 |    826 |   3346 |   5 | 1020.6 |
        Temple |    405 |    266 |    139 |      0 |    252 |   1 |  405.0 |
               +--------+--------+--------+--------+--------+-----+--------+

Top non-repeatable levels by time:
     D:4: 2098 daAuts
     D:1: 1614 daAuts
     D:2: 716 daAuts
     D:3: 652 daAuts
  Temple: 405 daAuts
     D:5: 22 daAuts
